 Dungeon Crawl Stone Soup version 0.25.1-2-g60ff931df9 (webtiles) character file.

Game seed: 12990586080611539279

42 raphialitos the Sneak (level 3, -4/18 HPs)
             Began as a Vine Stalker Assassin on Oct 19, 2020.
             Killed from afar by an orc wizard (7 damage)
             ... with a magic dart
             ... on level 3 of the Dungeon.
             The game lasted 00:04:01 (1400 turns).

raphialitos the Sneak (Vine Stalker Assassin)       Turns: 1400, Time: 00:04:02

Health: -4/18      AC:  4    Str: 13    XL:     3   Next: 54%
Magic:  0/4        EV: 12    Int: 11    God:
Gold:   43         SH:  0    Dex: 16    Spells: 2/2 levels left

rFire    . . .     SeeInvis .   a - +3 dagger
rCold    . . .     Gourm    .   (no shield)
rNeg     . . .     Faith    .   b - +1 robe
rPois    .         Spirit   +   (no helmet)
rElec    .         Reflect  .   c - +0 cloak
rCorr    .         Harm     .   (no gloves)
MR       .....                  (no boots)
Stlth    +++.......             (no amulet)
HPRegen  0.06/turn              (no ring)
MPRegen  0.09/turn              (no ring)

@: about to teleport
A: fangs 2, magic shield, antimagic bite, no potion heal 3, rot immunity
a: no special abilities


You were on level 3 of the Dungeon.
You were hungry.

You visited 1 branch of the dungeon, and saw 4 of its levels.

You collected 43 gold pieces.

Inventory:

Hand Weapons
 a - a +3 dagger (weapon)
Missiles
 d - 23 poisoned darts (quivered)
 e - 2 curare-tipped darts
 i - 23 bolts
Armour
 b - a +1 robe (worn)
 c - a +0 cloak (worn)
Scrolls
 j - 2 scrolls of fog
Potions
 g - a potion of berserk rage {unknown}
 l - 2 potions of stabbing
 m - a potion of heal wounds
Comestibles
 f - 4 rations
 o - 5 chunks of flesh


   Skills:
 + Level 2.1 Fighting
 + Level 1.9 Short Blades
 + Level 1.9 Throwing
 + Level 1.0 Dodging
 + Level 5.9 Stealth


You had 2 spell levels left.
You didn't know any spells.
Your spell library was empty.

Dungeon Overview and Level Annotations

Branches:
Dungeon (4/15)
 Temple: D:4-7

Altars:
The Shining One

Annotations:
D:4 Ijyb


Innate Abilities, Weirdness & Mutations

You have extremely sharp teeth.
When hurt, damage is shared between your health and your magic reserves.
Your bite disrupts and absorbs the magic of your enemies.
Potions cannot restore your health.
You are immune to rotting.


Message History

The orc hits you with a +0 short sword.
An orc comes into view. It is wielding a +0 flail.
The kobold hits you with a +0 short sword.
You hit the orc wizard.
You bite the orc wizard, but do no damage.
The orc wizard is moderately wounded.
The orc hits you with a +0 hand axe. The kobold closely misses you.
The orc wizard gestures at you while chanting.
The puff of flame hits you. The orc hits you but does no damage.
As you read the scroll of teleportation, it crumbles to dust.
You feel strangely unstable. The orc hits you but does no damage.
The kobold hits you but does no damage.
The orc wizard hits you but does no damage.
The orc hits you with a +0 short sword. The orc hits you with a +0 hand axe.
* * * LOW HITPOINT WARNING * * *
The kobold hits you but does no damage.
The orc wizard gestures at you while chanting.
The magic dart hits you!
You die...

.o...# ###oo.#
###....# #..oo.#
##o..#...##.
#.#.o#####....
#.$..o##.....#
#...#K.o.# (
#....#@oo#
...#....#[.....
#####..####..#..
#... ..# #..#.
.). ...... #..
### ..


You could see 2 orc wizards, 4 orcs and a kobold.

Vanquished Creatures
  An ooze (D:1)
  A worm (D:2)
  3 leopard geckos (D:1)
  4 bats (D:1)
  2 giant cockroaches (D:1)
  A goblin (D:1)
  5 hobgoblins
  7 jackals
  2 frilled lizards (D:1)
  A rat (D:1)
27 creatures vanquished.

Notes
Turn   | Place    | Note
-------+----------+-------------------------------------------
     0 | D:1      | raphialitos the Vine Stalker Assassin began the quest for
                  | the Orb.
     0 | D:1      | Reached XP level 1. HP: 11/11 MP: 2/2
    79 | D:1      | Reached skill level 5 in Stealth
    85 | D:1      | Reached XP level 2. HP: 11/15 MP: 3/3
   823 | D:1      | Reached XP level 3. HP: 18/18 MP: 4/4
   853 | D:1      | Reached skill level 1 in Dodging
  1077 | D:1      | Found a glowing golden altar of the Shining One.
  1384 | D:2      | You fall into a shaft and drop 2 floors!
  1390 | D:4      | Noticed Ijyb
  1400 | D:3      | Killed from afar by an orc wizard

Illustrated notes

Levels and vault maps discovered:
D:1:      nicolae_arrival_washed_ashore, layout_loops_cross, tso_altar
D:2:      layout_loops_ring, first_ration
D:3:      layout_rooms, lemuel_zombie_altar_kikubaaqudgha
D:4:      layout_cave_pools, grunt_gozag_breadcrumbs, serial_shops, shop,
          hangedman_abyss_or_decor_jellyfish_corner, uniq_ijyb

Skill      XL: |  1  2  3 |
---------------+----------+-----
Stealth        | 5 |  5.9
Fighting       | 2 |  2.1
Dodging        | 1 |  1.0
Short Blades   | |  1.9
Throwing       | |  1.9

Action                   || total
-------------------------++-------
Melee: Dagger            ||    82
       Bite              ||    17
Throw: Dart              ||     5
  Use: Scroll            ||     8
 Stab: Sleeping          ||     8
  Eat: Chunk             ||     1
Armor: Robe              ||    22
Dodge: Dodged            ||    49
